Map: Acolyte LE

Players

Kelazhur - Winner!

  • Race: Terran Terran
  • Spawn Location: 1:00

ShoWTimE

  • Race: Protoss Protoss
  • Spawn Location: 7:00

Event: WCS Montreal 2017

VOD

Have the link to the VOD?

Description

Time

  • Played on: Sept. 9, 2017, 2:14 p.m.
  • Length: 12:20

All games in this series

Show
View Real Time Build Order
Export as new Build Order

Kelazhur Terran - Winner!

Build Orders: MMM Bio 

Get SALT Encoding   

  12  0:00  SCV  
  13  0:12  SCV  
  14  0:17  Supply Depot  
  14  0:25  SCV  
  14  0:27  Refinery  
  15  0:38  SCV  
  16  0:44  Barracks  
  16  0:50  SCV  
  17  1:03  SCV  
  18  1:15  SCV  
  19  1:31  Orbital Command, Marine  
  20  1:45  Command Center  
  20  1:49  Barracks Reactor  
  20  1:58  SCV  
  21  2:02  Factory  
  21  2:12  SCV  
  22  2:16  Supply Depot  
  22  2:26  SCV  
  23  2:38  Marine  
  23  2:40  Reaper  
  23  2:44  SCV  
  26  2:46  Widow Mine  
  28  2:52  Command Center  
  28  2:59  Orbital Command  
  28  3:01  SCV  
  28  3:04  Marine  
  30  3:12  Marine  
  31  3:13  SCV  
  31  3:16  Widow Mine  
  34  3:23  Marine  
  34  3:25  SCV x2  
  37  3:30  Marine  
  37  3:39  SCV  
  37  3:41  Marine  
  36  3:45  Widow Mine  
  36  3:47  SCV  
  36  3:48  Marine  
  37  3:52  SCV  
  38  3:58  Marine  
  38  3:59  SCV  
  38  4:04  SCV  
  38  4:05  Marine  
  38  4:07  Orbital Command  
  40  4:11  SCV  
  40  4:16  Marine, SCV  
  43  4:23  Marine, SCV  
  45  4:28  SCV, Widow Mine  
  48  4:32  Starport  
  48  4:34  Marine  
  48  4:35  SCV  
  48  4:36  SCV  
  51  4:40  SCV  
  51  4:41  Marine  
  53  4:47  SCV  
  53  4:49  SCV  
  53  4:52  Marine, SCV  
  57  4:56  Supply Depot  
  57  4:57  Widow Mine  
  57  4:59  Marine  
  59  5:00  SCV  
  59  5:01  SCV  
  59  5:04  Barracks, SCV  
  59  5:05  Barracks  
  61  5:16  Supply Depot  
  61  5:18  Medivac, SCV x3  
  61  5:19  Refinery  
  66  5:24  Marine x2  
  67  5:29  Widow Mine  
  67  5:32  Engineering Bay  
  69  5:36  Supply Depot, Liberator  
  69  5:37  SCV x3  
  72  5:49  SCV  
  73  5:54  Barracks Tech Lab x2  
  73  5:55  SCV  
  77  5:59  SCV  
  77  6:02  SCV  
  79  6:04  Marine x2  
  79  6:06  Factory Reactor  
  79  6:08  Refinery x2  
  79  6:11  Supply Depot, SCV  
  82  6:14  Barracks, Supply Depot  
  82  6:15  Barracks  
  82  6:17  SCV  
  83  6:20  SCV  
  83  6:23  SCV  
  85  6:26  Marauder  
  85  6:29  Missile Turret  
  85  6:32  Terran Infantry Weapons Level 1  
  85  6:33  Marine x2, SCV x2, Marauder  
  85  6:39  Supply Depot  
  89  6:48  SCV  
  89  6:50  Combat Shields, Stimpack  
  89  6:51  Marine x2, Marauder  
  93  6:54  SCV x2  
  95  7:05  Barracks Tech Lab  
  95  7:06  Medivac, Barracks Reactor  
  95  7:07  Orbital Command, SCV  
  94  7:10  Marauder  
  94  7:12  Supply Depot  
  94  7:16  Supply Depot  
  94  7:19  Medivac  
  94  7:20  Marine x2  
  96  7:23  SCV  
  96  7:26  SCV  
  98  7:33  SCV  
  99  7:39  Medivac  
  99  7:40  Marauder, Missile Turret  
  99  7:42  Marine x3  
  99  7:43  Marine  
  109  7:44  Marauder  
  109  7:46  Marauder  
  109  7:49  Medivac  
  113  7:51  SCV x3  
  113  7:55  Supply Depot x2  
  116  8:00  Marine  
  116  8:02  Marauder  
  118  8:05  Marauder  
  118  8:06  SCV x3  
  118  8:07  Supply Depot  
  118  8:08  Refinery  
  118  8:09  Marine x2, Marauder  
  125  8:13  Armory  
  125  8:15  Engineering Bay  
  125  8:16  Marine  
  125  8:18  Marine  
  127  8:23  Marauder  
  129  8:29  Marauder, Marine, Concussive Shells  
  129  8:30  Marine x2  
  134  8:38  Factory Reactor  
  134  8:41  Starport  
  134  8:42  Supply Depot  
  134  8:44  Supply Depot, Marauder  
  134  8:45  Marine  
  139  8:48  Marauder  
  139  8:52  Marine x2  
  139  8:53  Marauder  
  139  8:55  Medivac x2  
  147  8:56  Marine  
  147  9:03  Marine, SCV x3  
  147  9:06  Marauder  
  153  9:10  Marine x2, Marauder  
  153  9:13  Marine  
  153  9:14  Marine  
  153  9:15  SCV  
  141  9:17  SCV  
  131  9:24  SCV  
  131  9:27  Marauder  
  131  9:31  Marine, Marauder  
  129  9:37  Marine x2, Marauder  
  121  9:39  SCV  
  121  9:41  SCV  
  102  9:53  Marauder  
  102  9:54  SCV x3  
  102  9:58  Marine, Marauder  
  114  10:02  Viking x2  
  114  10:05  Marine x2  
  114  10:06  Marine, SCV, Marauder  
  120  10:08  SCV x2  
  120  10:14  Marine  
  117  10:16  Marine  
  117  10:18  SCV  
  117  10:20  Marauder  
  122  10:23  Marine x3  
  122  10:26  Viking  
  122  10:27  Marauder  
  129  10:32  Command Center, Marine  
  129  10:33  Marine  
  129  10:35  Missile Turret x2  
  131  10:39  Medivac  
  131  10:41  Marine, Marauder  
  136  10:43  Refinery  
  136  10:44  Supply Depot  
  136  10:47  SCV x3  
  136  10:49  Marine x2, Marauder  
  141  10:50  Marauder  
  143  10:58  Marine  
  143  10:59  Marine  
  143  11:02  Marauder  
  147  11:05  Viking  
  147  11:06  Marine  
  147  11:07  Medivac x2, Marine  
  147  11:10  Marauder  
  157  11:11  Marauder  
  159  11:21  Marine x2  
  159  11:24  Marauder  
  159  11:25  Supply Depot x2, SCV x3  
  166  11:31  Marauder  
  168  11:33  Marauder  
  168  11:36  Supply Depot, Marine x2  
  168  11:37  SCV  
  168  11:38  Viking  
  168  11:39  Marine  
  168  11:44  Viking  
  168  11:45  Marauder  
  164  11:53  Marauder  
  164  11:54  Marine x2, Marauder  
  165  11:59  Marine  
Show
View Real Time Build Order
Export as new Build Order

ShoWTimE Protoss 

Build Orders: Oracle Opening 

Get SALT Encoding   

  12  0:00  Probe (Chrono Boost)  
  13  0:11  Probe (Chrono Boost)  
  14  0:17  Pylon  
  14  0:22  Probe (Chrono Boost)  
  15  0:35  Probe (Chrono Boost)  
  16  0:36  Gateway  
  16  0:43  Assimilator  
  16  0:46  Probe (Chrono Boost)  
  17  0:52  Assimilator  
  18  0:57  Probe (Chrono Boost)  
  18  1:07  Probe (Chrono Boost)  
  19  1:18  Probe (Chrono Boost)  
  20  1:24  Cybernetics Core  
  20  1:28  Probe (Chrono Boost)  
  21  1:39  Probe (Chrono Boost), Pylon  
  22  1:49  Probe (Chrono Boost)  
  23  2:03  Stargate  
  23  2:04  Adept  
  23  2:08  Warp Gate  
  25  2:09  Probe (Chrono Boost)  
  26  2:19  Probe (Chrono Boost)  
  26  2:38  Nexus  
  26  2:47  Oracle (Chrono Boost)  
  29  2:52  Probe  
  29  2:57  Pylon  
  30  3:04  Probe  
  31  3:16  Probe  
  31  3:18  Oracle (Chrono Boost)  
  35  3:23  Twilight Council  
  35  3:28  Probe  
  36  3:40  Probe  
  37  3:52  Probe x2, Oracle (Chrono Boost)  
  39  4:03  Probe  
  39  4:05  Mothership Core (Chrono Boost)  
  42  4:16  Probe (Chrono Boost)  
  43  4:19  Pylon  
  43  4:24  Probe (Chrono Boost), Blink (Chrono Boost)  
  43  4:27  Probe  
  45  4:33  Gateway  
  45  4:36  Probe, Gateway  
  46  4:39  Probe  
  47  4:48  Probe  
  47  4:51  Probe  
  49  5:00  Probe  
  49  5:02  Nexus  
  49  5:03  Robotics Facility  
  49  5:04  Pylon  
  49  5:05  Probe  
  51  5:13  Probe  
  52  5:17  Probe, Stalker  
  55  5:25  Probe  
  56  5:29  Probe  
  56  5:34  Stalker x2  
  61  5:37  Probe  
  61  5:41  Probe  
  61  5:42  Stalker, Pylon  
  65  5:46  Assimilator  
  65  5:48  Assimilator  
  65  5:49  Probe, Pylon  
  66  5:54  Probe, Observer (Chrono Boost)  
  68  5:59  Stalker  
  68  6:00  Stalker  
  68  6:01  Probe  
  73  6:06  Probe, Pylon  
  73  6:11  Stalker  
  76  6:13  Probe x2  
  76  6:18  Probe  
  77  6:24  Probe  
  77  6:25  Probe, Stalker x2  
  78  6:30  Probe  
  81  6:35  Probe  
  81  6:36  Warp Prism (Chrono Boost), Robotics Bay  
  81  6:37  Probe  
  85  6:42  Probe, Pylon  
  85  6:45  Probe  
  87  6:49  Probe  
  88  6:54  Probe  
  88  6:56  Probe, Forge  
  88  6:58  Pylon  
  90  7:01  Probe  
  90  7:06  Probe  
  90  7:07  Sentry x2  
  94  7:09  Assimilator  
  94  7:10  Resonating Glaives, Gateway  
  94  7:11  Gateway  
  94  7:12  Assimilator  
  94  7:22  Colossus (Chrono Boost)  
  91  7:27  Gateway  
  91  7:28  Gateway  
  94  7:30  Gateway  
  94  7:31  Stalker  
  94  7:33  Stalker  
  94  7:36  Probe  
  99  7:51  Adept  
  98  7:55  Extended Thermal Lance (Chrono Boost), Pylon  
  98  7:56  Protoss Ground Weapons Level 1 (Chrono Boost)  
  98  8:04  Pylon  
  98  8:06  Pylon  
  98  8:08  Sentry x2  
  102  8:13  Colossus  
  102  8:19  Probe x2  
  110  8:27  Adept x2  
  110  8:28  Adept x2  
  110  8:30  Adept x2  
  120  8:39  Adept  
  120  8:40  Adept  
  124  8:43  Pylon  
  124  8:44  Forge  
  124  8:45  Pylon  
  124  8:47  Pylon  
  124  8:48  Nexus  
  124  8:52  Dark Shrine  
  124  9:01  Adept x5  
  134  9:09  Adept x3  
  138  9:22  Probe x2, Pylon  
  131  9:24  Adept x3  
  131  9:25  Adept  
  132  9:37  Adept x4  
  84  9:46  Probe x2  
  84  9:51  Adept x2  
  84  9:52  Adept  
  78  9:53  Probe  
  78  9:58  Probe  
  78  10:00  Probe  
  72  10:15  Probe x2  
  72  10:16  Probe x2  
  72  10:17  Photon Cannon  
  76  10:27  Probe  
  77  10:29  Colossus  
  83  10:49  Sentry x2, Stalker  
  88  10:52  Dark Templar  
  88  10:55  Dark Templar  
  92  10:59  Colossus  
  92  11:01  Mothership Core (Chrono Boost)  
  92  11:03  Probe x2 (Chrono Boost)  
  96  11:04  Probe (Chrono Boost)  
  97  11:15  Probe x2 (Chrono Boost)  
  97  11:16  Probe (Chrono Boost)  
  96  11:19  Probe (Chrono Boost)  
  96  11:24  Colossus  
  104  11:25  Probe (Chrono Boost)  
  104  11:28  Dark Templar x2  
  108  11:41  Adept  
  108  11:42  Dark Templar  
  108  11:45  Dark Templar, Adept  
  106  11:50  Adept  
  104  11:55  Dark Templar  
  102  12:02  Adept x3  
  102  12:03  Probe (Chrono Boost)  
  102  12:04  Probe (Chrono Boost)  
  102  12:05  Probe (Chrono Boost)  
  102  12:06  Probe (Chrono Boost)  
  106  12:10  Adept x2  
Tags
 
Add a new tag
Caveats
  • Supply blocks, unpowered buildings, or Contaminate may cause inaccurate times.
  • Supply counts are checked every 10 seconds.